 Dungeon Sprint DCSS version 0.31-a0-879-g1609e0ac53 (webtiles) character file.

Game seed: 2624731663604487010

1587 rocky1 the Carver (level 9, 0/68 HPs)
             Began as a Djinni Gladiator on Oct 15, 2023.
             Was an Initiate of Gozag.
             Slain by a polar bear (24 damage)
             ... in the Dungeon (Sprint II: "The Violet Keep of Menkaure").
             The game lasted 00:06:28 (1026 turns).

rocky1 the Carver (Djinni Gladiator)                Turns: 1026, Time: 00:06:28

Health: 0/68       AC: 18    Str: 17    XL:     9   Next: 14%
Gold:   114        EV: 16    Int:  9    God:    Gozag SH: 13 Dex: 20

rFire   + + .        a - +0 long sword
rCold   x . .        g - +2 kite shield {AC+3}
rNeg    + . .        k - +7 ring mail of Generosity {rN+ Dex+2}
rPois   ∞            c - +0 helmet
rElec   .            l - +0 cloak
rCorr   .            (no gloves)
SInv    .            (boots unavailable)
Will    .....        (no amulet)
Stlth   +            (no ring)
HPRegen 0.31/turn    (no ring)
MPRegen 0.00/turn

%: no teleportation, infuse magic (-1 HP)
@: flying
A: sickness immunity, fire resistance 2, cold vulnerability 1, float, innate
caster, HP casting, extra vitality 1, strong 1
a: Renounce Religion, Potion Petition, Call Merchant, Bribe Branch


You were in the Dungeon.
You worshipped Gozag.
Gozag was aware of your devotion.
You visited 1 branch You collected 1782 gold pieces.
You spent 734 gold pieces at shops.
You paid 934 gold pieces to Gozag.

Inventory:

Hand Weapons
 a - a +0 long sword (weapon)
Missiles
 d - 2 throwing nets (quivered)
 e - a javelin
Armour
 c - a +0 helmet (worn)
 g - a +2 kite shield of protection (worn)
 k - the +7 ring mail of Generosity (worn) {rN+ Dex+2}
   (You bought it in a shop in the Dungeon)

   Dex+2:     It affects your dexterity (+2).
   rN+:       It protects you from negative energy.
 l - a +0 cloak (worn)
Scrolls
 h - 3 scrolls of immolation {unknown}
 j - a scroll of blinking
Potions
 b - 2 potions of heal wounds
 f - a potion of curing
 i - a potion of mutation
 m - a potion of invisibility


   Skills:
 * Level 7.4 Fighting
 * Level 12.1 Long Blades
 - Level 4.2 Throwing
 + Level 3.7 Armour
 + Level 11.0 Dodging
 - Level 1.0 Stealth
 * Level 5.3 Shields


You knew the following spells:

 Your Spells              Type           Power      Damage    Failure   Level
a - Foxfire               Conj/Fire      0%         2x1d4     88%         1
b - Call Imp              Summ           0%         N/A       95%         2
c - Call Canine Familiar  Summ           0%         N/A       99%         3
d - Teleport Other        Tloc           0%         N/A       99%         3
Your spell library was empty.

Dungeon Overview and Level Annotations

Branches:
Dungeon (1/1)

Altars:
Cheibriados
Dithmenos
Elyvilon
Fedhas
Gozag
Hepliaklqana
Makhleb
Nemelex Xobeh
Okawaru
Qazlal
Ru
Trog
Uskayaw
Wu Jian
Xom
Yredelemnul
Zin
The Shining One
Jiyva
Lugonu

Shops:
D ?[:(:?=?(![=!![

Annotations:
D exclusions: oklob plant and orange crystal statue


Innate Abilities, Weirdness & Mutations

You are immune to sickness and miasma.
You are immune to poison.
Your flesh is very heat resistant. (rF++)
You are vulnerable to cold. (rC-)
You float through the air rather than walking.
You learn spells naturally, not from books.
Your magical power is your life essence.
You have superior vitality. (+4 MHP)
Your muscles are strong. (Str +4, Int/Dex -1)


Message History

You hit the polar bear but do no damage.
The polar bear is almost dead.
You block the polar bear's attack. x2
The polar bear claws you but does no damage.
The polar bear closely misses you. The polar bear barely misses you.
The polar bear claws you but does no damage.
You barely miss the polar bear.
The polar bear is almost dead.
The polar bear bites you! You block the polar bear's attack. x2
You hit the polar bear but do no damage.
The polar bear is almost dead.
The polar bear is engulfed in a cloud of scalding steam.
You block the polar bear's attack. The polar bear barely misses you. x2
The polar bear is engulfed in a cloud of scalding steam. x2
You block the polar bear's attack. The polar bear barely misses you.
The polar bear claws you but does no damage.
You slash the polar bear!
You kill the polar bear!
Your Long Blades skill increases to level 12!
Your Shields skill increases to level 5!
You slash the polar bear!
The polar bear is almost dead.
The polar bear goes berserk!
You closely miss the polar bear.
The polar bear is almost dead.
You block the polar bear's attack. The polar bear completely misses you.
The polar bear barely misses you. You block the polar bear's attack.
The polar bear barely misses you.
The polar bear claws you but does no damage.
You hit the polar bear.
The polar bear is almost dead.
The polar bear bites you.
The polar bear claws you but does no damage.
You block the polar bear's attack.
You hit the polar bear but do no damage.
The polar bear is almost dead.
You block the polar bear's attack. x2; The polar bear closely misses you.
The polar bear bites you!!
You die...
Your body crumbles into a pile of gold.

###.##.#.#....###...##▓▓▓▓▓▓
###'###.##...§..~$~~~~~~~~~~
##.#.####~~§..§.~#'########+
#..#..#~~~~~§~..~#_._.....#~
###.###~~§§§~§§.~#._._....#~
~##'##~~~§≈§§~~~~#_._._...#~
~~~~~~~~~~≈§§§~~h#._._._..#~
+++#+++#~≈§≈≈§≈§h#_._._._.#~


zzzzz ##§§≈###≈@#._._._._#~ ..zzz...##§§#.#≈≈#.._._._.#§
...≈.....+§§#'#§≈#._._._..#~ ........##≈≈≈≈≈§≈####### ..○°°○.###########~~~~~~
###+####≈○S§SSS###~##### #≈≈≈≈○°≈§≈##~# +≈≈≈≈○§§§≈≈≈+~# ##≈§≈≈≈≈≈≈≈#### You
could see 2 polar bears and 3 lava snakes.

Vanquished Creatures
  A yaktaur (D)
  A polar bear (D)
  A hornet (D)
  2 wyverns (D)
  4 neqoxecs (D)
  Menkaure (D)
  4 scorpions (D)
  A hell rat (D)
  3 worms (D)
18 creatures vanquished.

Vanquished Creatures (others)
  A water moccasin (D)
1 creature vanquished.

Grand Total: 19 creatures vanquished

Notes
Turn   | Place    | Note
-------+----------+-------------------------------------------
     0 | D        | rocky1 the Djinni Gladiator began the quest for the Orb.
     0 | D        | Reached XP level 1. HP: 18/18 MP: 0/0
     1 | D        | Noticed a wyvern
     1 | D        | Noticed a wyvern
     8 | D        | Killed a wyvern
     9 | D        | Reached skill level 6 in Long Blades
     9 | D        | Reached XP level 2. HP: 25/25 MP: 0/0
     9 | D        | Reached XP level 3. HP: 30/30 MP: 0/0
     9 | D        | Learned a level 1 spell: Foxfire
     9 | D        | Reached XP level 4. HP: 36/36 MP: 0/0
     9 | D        | Reached XP level 5. HP: 40/40 MP: 0/0
     9 | D        | Learned a level 2 spell: Call Imp
    16 | D        | Killed a wyvern
    17 | D        | Reached skill level 7 in Long Blades
    17 | D        | Reached XP level 6. HP: 48/48 MP: 0/0
    36 | D        | Noticed a water moccasin
    37 | D        | Found an iron altar of Okawaru.
    37 | D        | Found a glowing silver altar of Zin.
    38 | D        | Found a sparkling altar of Nemelex Xobeh.
    38 | D        | Found a hide-covered altar of Uskayaw.
    39 | D        | Found a basalt altar of Yredelemnul.
    41 | D        | Found a glowing golden altar of the Shining One.
    46 | D        | Killed a water moccasin
    47 | D        | Reached skill level 8 in Long Blades
    47 | D        | Found a burning altar of Makhleb.
    47 | D        | Found a bloodstained altar of Trog.
    47 | D        | Found a shimmering altar of Xom.
    47 | D        | Found an opulent altar of Gozag.
    48 | D        | Found a blossoming altar of Fedhas.
    48 | D        | Found a corrupted altar of Lugonu.
    48 | D        | Found an ornate altar of the Wu Jian Council.
    49 | D        | Found a white marble altar of Elyvilon.
    49 | D        | Found a sacrificial altar of Ru.
    50 | D        | Found a shadowy altar of Dithmenos.
    50 | D        | Found a viscous altar of Jiyva.
    51 | D        | Found a snail-covered altar of Cheibriados.
    54 | D        | Found a hazy altar of Hepliaklqana.
    55 | D        | Found a stormy altar of Qazlal.
    58 | D        | Became a worshipper of Gozag Ym Sagoz the Greedy
   131 | D        | Noticed Menkaure
   133 | D        | Noticed an orange crystal statue
   144 | D        | Killed Menkaure
   145 | D        | Reached skill level 5 in Fighting
   145 | D        | Reached skill level 9 in Long Blades
   145 | D        | Reached skill level 1 in Armour
   145 | D        | Reached skill level 10 in Dodging
   145 | D        | Reached skill level 1 in Stealth
   145 | D        | Reached XP level 7. HP: 4/54 MP: 0/0
   145 | D        | Learned a level 3 spell: Call Canine Familiar
   364 | D        | Noticed a flying skull
   364 | D        | Noticed a flying skull
   365 | D        | Noticed a flying skull
   365 | D        | Noticed a flying skull
   365 | D        | Noticed a flying skull
   365 | D        | Noticed a flying skull
   365 | D        | Noticed a flying skull
   365 | D        | Noticed a flying skull
   366 | D        | Noticed a flying skull
   366 | D        | Noticed a flying skull
   367 | D        | Noticed a flying skull
   367 | D        | Noticed a flying skull
   368 | D        | Found Toiganes's Antique Armour Emporium.
   370 | D        | Found Tilul's Distillery.
   374 | D        | Found Vatsuata's Distillery.
   375 | D        | Found Ninkedd's Antique Weapon Shoppe.
   375 | D        | Found Ycwouh's Jewellery Emporium.
   481 | D        | Reached skill level 1 in Shields
   494 | D        | Reached skill level 10 in Long Blades
   494 | D        | Reached XP level 8. HP: 60/61 MP: 0/0
   590 | D        | Found Xutydiez's Distillery.
   590 | D        | Found Qunaxkiu's Antique Armour Shoppe.
   590 | D        | Found Lapeaz's Magic Scroll Emporium.
   598 | D        | Found Boqoucuc's Jewellery Shoppe.
   598 | D        | Found Wylet's Magic Scroll Emporium.
   622 | D        | Gained mutation: You are weak. (Str -2) [a neqoxec]
   631 | D        | Gained mutation: You are dopey. (Int -2) [a neqoxec]
   643 | D        | Gained mutation: You sometimes lose your temper in combat.
                  | [a neqoxec]
   652 | D        | Reached skill level 11 in Long Blades
   652 | D        | Lost mutation: You are weak. (Str -2) [a neqoxec]
   747 | D        | Found Alouhe's Book Shoppe.
   747 | D        | Found Heovox's Antique Weapon Emporium.
   747 | D        | Noticed a death yak
   747 | D        | Noticed an oklob plant
   748 | D        | Found Vugavueh's Antique Armour Shoppe.
   748 | D        | Found Riadatre's Magic Scroll Emporium.
   748 | D        | Found Liequs's Book Shoppe.
   748 | D        | Noticed a shining eye
   750 | D        | Noticed a shining eye
   750 | D        | Noticed a shining eye
   754 | D        | Bought a potion of mutation for 104 gold pieces
   754 | D        | Bought a potion of mutation for 104 gold pieces
   754 | D        | Lost mutation: You are dopey. (Int -2) [potion of mutation]
   754 | D        | Lost mutation: You sometimes lose your temper in combat.
                  | [potion of mutation]
   754 | D        | Gained mutation: Potions are less effective at restoring
                  | your health. [potion of mutation]
   754 | D        | Gained mutation: Your muscles are strong. (Str +4, Int/Dex
                  | -1) [potion of mutation]
   754 | D        | Lost mutation: Potions are less effective at restoring your
                  | health. [potion of mutation]
   762 | D        | Noticed a manticore
   763 | D        | Noticed a manticore
   768 | D        | Noticed a manticore
   780 | D        | Bought a masterwork ring mail for 198 gold pieces
   780 | D        | Identified the +7 ring mail of Generosity {rN+ Dex+2} (You
                  | bought it in a shop in the Dungeon)
   786 | D        | Bought a cloak for 94 gold pieces
   837 | D        | Bought 2 potions of heal wounds for 130 gold pieces
   837 | D        | Bought a potion of invisibility for 104 gold pieces
   878 | D        | Noticed a polar bear
   878 | D        | Noticed a polar bear
   878 | D        | Noticed a polar bear
   882 | D        | Noticed a yaktaur
   884 | D        | Noticed a hornet
   994 | D        | Killed a yaktaur
  1013 | D        | Killed a hornet
  1014 | D        | Reached XP level 9. HP: 41/68 MP: 0/0
  1014 | D        | Learned a level 3 spell: Teleport Other
  1022 | D        | Killed a polar bear
  1023 | D        | Reached skill level 12 in Long Blades
  1023 | D        | Reached skill level 5 in Shields
  1026 | D        | Slain by a polar bear

Illustrated notes

Levels and vault maps discovered:
D:        the_violet_keep_of_menkaure [sprint2_stairs_cluster_1,
          sprint2_shoproom, sprint2_temple, sprint2_basic_supplies,
          sprint2_obstacle_1, sprint2_obstacle_5, sprint2_obstacle_4,
          sprint2_obstacle_6, sprint2_obstacle_3, sprint2_timed_cluster_1,
          sprint2_smallroom_cluster_1, sprint2_smallroom_final_cluster_1,
          sprint2_transparent_cluster_1, sprint2_second_timed_cluster_1,
          sprint2_sniper_area_1, sprint2_heavy_combat_area_1,
          sprint2_mutation_trap_area_1, sprint2_forest_area_1,
          sprint2_light_combat_area_1, sprint2_behind_water_1,
          sprint2_near_end_vault_1]

Skill      XL: |  1  2  3  4  5  6  7  8  9 |
---------------+----------------------------+-----
Fighting       | 3 4 5 7 |  7.4
Long Blades    | 6 7 9 10 11 12 | 12.1
Throwing       | 3 4 |  4.2
Dodging        | 7 9 10 11 | 11.0
Armour         | 1 2 3 |  3.7
Stealth        | 1 |  1.0
Shields        | 1 4 5 |  5.3

Action                     |  1- 3 |  4- 6 |  7- 9 || total
---------------------------+-------+-------+-------++-------
  Melee: Long sword        |     4 |    22 |   113 ||   139
  Throw: Throwing net      |     1 |       |       ||     1
 Invoke: Potion Petition   |       |       |     2 ||     2
    Use: Potion            |     2 |     1 |     1 ||     4
   Stab: Held in net/web   |     1 |       |       ||     1
         Invisible         |       |       |     5 ||     5
         Distracted        |       |       |     1 ||     1
 Armour: Leather armour    |     2 |    12 |    23 ||    37
         Ring mail         |       |       |    30 ||    30
  Dodge: Dodged            |       |    16 |    61 ||    77
  Block: Kite shield       |       |       |    67 ||    67

Table legend: (Time is in decaauts)
 A = Elapsed time spent in this place.
 B = Non-inter-level travel time spent in this place.
 C = Inter-level travel time spent in this place.
 D = Time resting spent in this place.
 E = Time spent auto-exploring this place.
 F = Levels seen in this place.
 G = Mean time per level.
                   A        B        C        D        E       F      G
               +--------+--------+--------+--------+--------+-----+--------+
         Total |   1012 |   1012 |      0 |    473 |      0 |   1 | 1012.0 |
       Dungeon |   1012 |   1012 |      0 |    473 |      0 |   1 | 1012.0 |
               +--------+--------+--------+--------+--------+-----+--------+

Top non-repeatable levels by time:
       D: 1012 daAuts
